 Dungeon Sprint DCSS version 0.26-a0-651-gb41185065b (webtiles) character file.

Game seed: 14363803869972334992

0 sahdkjhfkaj the Ruffian (level 3, -11/55 HPs)
             Began as a Troll Monk on Sept 28, 2020.
             Was an Initiate of Gozag.
             Mangled by an orc warrior
             ... wielding a cursed -1 flail
              (20 damage)
             ... in the Dungeon (Sprint VI: "Thunderdome").
             The game lasted 00:00:39 (131 turns).

sahdkjhfkaj the Ruffian (Troll Monk)                 Turns: 131, Time: 00:00:39

Health: -11/55     AC:  8    Str: 20    XL:     3   Next: 14%
Magic:  2/2        EV: 10    Int:  6    God:    Gozag
Gold:   92         SH:  0    Dex: 12    Spells: 2/2 levels left

rFire    . . .     SeeInvis .     - Unarmed
rCold    . . .     Faith    .   (no shield)
rNeg     . . .     Spirit   .   l - +0 troll leather armour
rPois    .         Reflect  .   (helmet restricted)
rElec    .         Harm     .   (no cloak)
rCorr    .         Rampage  .   (gloves unavailable)
MR       .....     NoTele   +   (boots unavailable)
Stlth    ..........             (no amulet)
HPRegen  0.98/turn              (no ring)
MPRegen  0.08/turn              (no ring)

@: berserking, very quick
A: large, unfitting armour, claws 3, regeneration 1, shaggy fur 1, tough skin 3
a: Potion Petition, Call Merchant, Bribe Branch, Renounce Religion


You were in the Dungeon.
You worshipped Gozag.
Gozag was noncommittal.
You visited 1 branch You collected 272 gold pieces.
You spent 180 gold pieces at shops.

Inventory:

Armour
 l - a +0 troll leather armour (worn)
Wands
 h - a wand of acid (5)
 i - a wand of iceblast (5)
Scrolls
 g - 4 scrolls of blinking
 j - 3 scrolls of fog
Potions
 b - a potion of curing
 c - 4 potions of heal wounds
 d - 4 potions of haste
 e - 2 potions of magic
 k - a potion of resistance


   Skills:
 + Level 3.3 Fighting
 + Level 2.0 Armour
 + Level 3.3 Dodging
 - Level 1.0 Stealth
 * Level 5.0 Unarmed Combat


You had 2 spell levels left.
You didn't know any spells.
Your spell library was empty.

Dungeon Overview and Level Annotations

Branches:
Dungeon (1/1)

Altars:
Cheibriados
Dithmenos
Fedhas
Gozag
Kikubaaqudgha
Makhleb
Okawaru
Qazlal
Ru
Sif Muna
Trog
Uskayaw
Vehumet
Wu Jian
Xom
Yredelemnul
Zin
The Shining One
Beogh
Jiyva
Lugonu

Shops:
D *[??*?*:[((!!!!

Annotations:
D Blork the orc


Innate Abilities, Weirdness & Mutations

You are too large for most types of armour.
You have claws for hands.
Your natural rate of healing is unusually fast.
You are covered in fur. (AC +1)
You have extremely tough skin. (AC +3)


Message History

Unknown command.
You are too injured to fight recklessly!
Unknown command.
Unknown command.
A red film seems to cover your vision as you go berserk!
You feel yourself moving faster!
You feel mighty!
The orc warrior hits you with a cursed -1 flail!
* * * LOW HITPOINT WARNING * * *
You closely miss the orc warrior.
The orc warrior is moderately wounded.
You scratch the orc warrior.
The orc warrior is moderately wounded.
The orc warrior closely misses you.
You barely miss the orc warrior.
The orc warrior is moderately wounded.
You claw the orc warrior!
The orc warrior is severely wounded.
The orc warrior hits you with a cursed -1 flail!!
You die...
Your body crumbles into a pile of gold.

##∩.__.o....###......___∩##
######.8.........8.######
#§...........⌠#
###.........### #_......._#
#_......._# #.o......_#
#∩.......∩# ##∩@....∩##
##o$...## ##§⌠⌠## #####


You could see an orc warrior and an orc priest.

Vanquished Creatures
  An orc priest (D)
  2 orcs (D)
3 creatures vanquished.

Notes
Turn   | Place    | Note
-------+----------+-------------------------------------------
     0 | D        | sahdkjhfkaj the Troll Monk began the quest for the Orb.
     0 | D        | Reached XP level 1. HP: 22/22 MP: 0/0
     1 | D        | Found a corrupted altar of Lugonu.
     1 | D        | Found a bloodstained altar of Trog.
     2 | D        | Found a sacrificial altar of Ru.
     2 | D        | Found an ancient bone altar of Kikubaaqudgha.
     3 | D        | Found a snail-covered altar of Cheibriados.
     4 | D        | Found a hide-covered altar of Uskayaw.
     4 | D        | Found an ornate altar of the Wu Jian Council.
     4 | D        | Found Amorrin's Weapon Rack.
     4 | D        | Found Yvuygoun's Premium Goods.
     5 | D        | Found Ifacoentomuo's Basic Armour.
     5 | D        | Found Heivystya's Miscellaneous Merchandise.
     5 | D        | Round 1.
    13 | D        | Bought a +0 troll leather armour for 180 gold pieces
    16 | D        | Found a blossoming altar of Fedhas.
    17 | D        | Found a stormy altar of Qazlal.
    19 | D        | Found Wecet's Identification Station.
    21 | D        | Found Lomuhali's Advanced Armour.
    21 | D        | Found Zegeq's Jewellery.
    21 | D        | Found an iron altar of Okawaru.
    21 | D        | Found a shimmering altar of Xom.
    21 | D        | Found a shadowy altar of Dithmenos.
    25 | D        | Found a glowing silver altar of Zin.
    26 | D        | Found a burning altar of Makhleb.
    27 | D        | Found a shimmering blue altar of Sif Muna.
    28 | D        | Found Ryschuilo's Magic Scroll Shop.
    29 | D        | Found a glowing golden altar of the Shining One.
    29 | D        | Found a radiant altar of Vehumet.
    29 | D        | Found Guwiup's Staff Store.
    29 | D        | Found Tagrog's Magic Scroll Shop.
    29 | D        | Found Hoilyl's Must-Have Magic.
    33 | D        | Found an opulent altar of Gozag.
    34 | D        | Found a basalt altar of Yredelemnul.
    37 | D        | Found a viscous altar of Jiyva.
    37 | D        | Found Humuypta's Distillery.
    38 | D        | Found Reoguy's Distillery.
    38 | D        | Found Veena's Bottled Wisdom.
    42 | D        | Became a worshipper of Gozag Ym Sagoz the Greedy
    50 | D        | Found Denkak's Do-It-Yourself Clinic.
    50 | D        | Found a roughly hewn altar of Beogh.
    77 | D        | Noticed an orc priest
    84 | D        | Killed an orc priest
    84 | D        | Reached skill level 5 in Unarmed Combat
    84 | D        | Reached XP level 2. HP: 12/31 MP: 1/1
    84 | D        | Reached XP level 3. HP: 15/37 MP: 2/2
   120 | D        | Noticed Blork the orc
   121 | D        | Noticed an orc warrior
   131 | D        | Mangled by an orc warrior

Illustrated notes

Levels and vault maps discovered:
D:        arena_sprint

Skill      XL: |  1 |
---------------+----+-----
Fighting       | 3 |  3.3
Armour         | 2 |  2.0
Dodging        | 3 |  3.3
Unarmed Combat | 5 |  5.0
Stealth        | |  1.0

Action                   || total
-------------------------++-------
Melee: Unarmed           ||    15
  Use: Potion            ||     1
Armor: Robe              ||     2
Dodge: Dodged            ||     4

Table legend: (Time is in decaauts)
 A = Elapsed time spent in this place.
 B = Non-inter-level travel time spent in this place.
 C = Inter-level travel time spent in this place.
 D = Time resting spent in this place.
 E = Time spent auto-exploring this place.
 F = Levels seen in this place.
 G = Mean time per level.
                   A        B        C        D        E       F      G
               +--------+--------+--------+--------+--------+-----+--------+
         Total |    128 |    128 |      0 |      0 |     54 |   1 |  128.0 |
       Dungeon |    128 |    128 |      0 |      0 |     54 |   1 |  128.0 |
               +--------+--------+--------+--------+--------+-----+--------+

Top non-repeatable levels by time:
       D: 128 daAuts
